 Dungeon Crawl Stone Soup version 0.22-a0-580-gd5db89c (webtiles) character file.

87 toffzen the Firebug (level 4, 0/33 HPs)
             Began as a Demigod Fire Elementalist on July 3, 2018.
             Shot with an arrow by a centaur (12 damage)
             ... on level 3 of the Dungeon.
             The game lasted 00:04:44 (2649 turns).

toffzen the Firebug (Demigod Fire Elementalist)     Turns: 2649, Time: 00:04:45

Health: 0/33       AC:  3    Str: 11    XL:     4   Next: 7%
Magic:  4/10       EV: 12    Int: 21    God:
Gold:   94         SH:  0    Dex: 16    Spells: 1/7 levels left

rFire    . . .     SeeInvis .   b - +0 spear
rCold    . . .     Gourm    .   (no shield)
rNeg     . . .     Faith    .   k - +0 robe (curse)
rPois    .         Spirit   .   (no helmet)
rElec    .         Reflect  .   (no cloak)
rCorr    .         Harm     .   (no gloves)
MR       .....                  f - +0 pair of boots
Stlth    ++........             (no amulet)
HPRegen  0.11/turn              (no ring)
MPRegen  0.12/turn              (no ring)

@: very slightly contaminated
A: high mp 1
a: no special abilities


You were on level 3 of the Dungeon.
You were not hungry.

You visited 1 branch of the dungeon, and saw 3 of its levels.

You collected 94 gold pieces.

Inventory:

Hand Weapons
 b - a +0 spear (weapon)
Missiles
 e - 48 stones (quivered)
Armour
 a - a +0 robe
 f - a +0 pair of boots (worn)
 k - a cursed +0 robe (worn)
Jewellery
 o - an uncursed amulet of regeneration {unknown}
Scrolls
 d - 5 scrolls of identify {unknown}
 j - a scroll of remove curse {unknown}
 m - a scroll of noise {unknown}
 n - a scroll of immolation {unknown}
 q - a scroll of enchant armour {unknown}
 r - a scroll of teleportation {unknown}
Potions
 g - a potion of berserk rage {unknown}
 h - 2 potions of curing {unknown}
 i - a potion of flight {unknown}
 p - a potion of magic {unknown}
Comestibles
 c - 4 rations
 l - 5 chunks of flesh


   Skills:
 - Level 1.7 Dodging
 - Level 1.7 Stealth
 + Level 2.4 Spellcasting
 * Level 2.7 Conjurations
 + Level 3.3 Fire Magic


You had one spell level left.
You knew the following spells:

 Your Spells              Type           Power        Failure   Level  Hunger
a - Flame Tongue          Conj/Fire      ###..        4%          1    None
b - Throw Flame           Conj/Fire      ###...       6%          2    ##.....
c - Conjure Flame         Conj/Fire      ###.....     12%         3    ###....

Your spell library contained the following spells:

 Spells                   Type           Power        Failure   Level  Hunger
 Fireball                 Conj/Fire      ###.......   75%         5    ######.
 Sticky Flame             Conj/Fire      ###.....     38%         4    ####...
 Inner Flame              Hex/Fire       #.......     22%         3    ###....


Dungeon Overview and Level Annotations

Branches:
Dungeon (3/15)

Shops:
D:2 *


Innate Abilities, Weirdness & Mutations

You have an increased reservoir of magic. (+10% MP)


Message History

Casting: Conjure Flame (safe; 12% risk of failure)
Confirm with . or Enter, or press ? or * to list all spells.
Aiming: Conjure Flame (safe; 12% risk of failure)
Press: ? - help, Dir - move target cursor You miscast Conjure Flame.
You are very lightly contaminated with residual magic.
You feel a strange surge of energy!
The kobold shouts!
You hear an angry hiss.
The centaur shoots an arrow.
The arrow hits you.
The kobold throws a stone.
The stone hits you but does no damage.
Casting: Conjure Flame (safe; 12% risk of failure)
Confirm with . or Enter, or press ? or * to list all spells.
Aiming: Conjure Flame (safe; 12% risk of failure)
Press: ? - help, Dir - move target cursor The fire ignites!
The centaur shoots an arrow.
The arrow hits you.
The centaur shoots an arrow.
The arrow completely misses you.
The centaur shoots an arrow.
The arrow hits you!
You see here an arrow.
The centaur shoots an arrow.
The arrow hits you!
You die...

.....# .....#### ........#
........# ######. ........#
##### ....... ........#
#...# .......
#######.####.#.######c......
......##((.._..#.(((§lK.....
#####8.#####.#+#@####.......
#...##.#.........# .<.....
.8.8.#.##........##.##.##.#.
..<..#..)............#.# #
.8.8.#(#÷.####.......#.#
#...##.#..# #######.# .
#####8.#### # # ......##
#######


You could see a centaur, a kobold and a frilled lizard.

Vanquished Creatures
  4 adders
  An ooze (D:2)
  3 worms (D:2)
  2 dart slugs (D:2)
  A leopard gecko (D:2)
  An orc (D:3)
  4 bats
  A giant cockroach (D:2)
  4 hobgoblins
  4 kobolds
  3 frilled lizards
  3 goblins
  3 rats
34 creatures vanquished.

Notes
Turn   | Place    | Note
-------+----------+-------------------------------------------
     0 | D:1      | toffzen the Demigod Fire Elementalist began the quest for the Orb.
     0 | D:1      | Reached XP level 1. HP: 14/14 MP: 5/5
   165 | D:1      | Reached skill level 1 in Conjurations
   797 | D:1      | Reached XP level 2. HP: 20/20 MP: 4/7
   801 | D:1      | Learned a level 2 spell: Throw Flame
  1081 | D:2      | Found Gozag's Platinum Reserve.
  1083 | D:2      | Found an opulent altar of Gozag.
  1175 | D:2      | Reached skill level 3 in Fire Magic
  1391 | D:2      | Reached XP level 3. HP: 26/26 MP: 5/8
  1899 | D:2      | Found a faded altar of an unknown god.
  2120 | D:2      | Learned a level 3 spell: Conjure Flame
  2454 | D:3      | Found a white marble altar of Elyvilon.
  2515 | D:3      | Reached XP level 4. HP: 31/33 MP: 6/10
  2643 | D:3      | Noticed a centaur
  2649 | D:3      | Shot with an arrow by a centaur

Vault maps used:
D:1:      minmay_arrival_four_houses, serial_bayou_pond_e
D:2:      nicolae_gozag_zags_fifth_avenue, chequers_ecumenical_altar_simple
D:3:      lemuel_crystal_altar, corexii_corridor_pit, grunt_ministairs_11

Skill      XL: |  1  2 |
---------------+-------+-----
Conjurations   | 1 2 |  2.7
Spellcasting   | 2 |  2.4
Fire Magic     | 3 |  3.3
Dodging        | |  1.7
Stealth        | |  1.7

Action                   |  1- 3 |  4- 6 || total
-------------------------+-------+-------++-------
Melee: Spear             |       |     6 ||     6
 Cast: Flame Tongue      |    63 |     1 ||    64
       Throw Flame       |     3 |     2 ||     5
       Conjure Flame     |       |     2 ||     2
  Eat: Chunk             |     5 |     1 ||     6
Armor: Robe              |     4 |     1 ||     5
Dodge: Dodged            |    11 |     5 ||    16

Table legend:
 A = Spawn XP
 B = Non-spawn XP
 C = Spawn XP percentage of total XP
 D = Spawn monster count
 E = Non-spawn monster count
 F = Spawn count percentage of total count
 G = Total turns spent on level
                    A         B        C        D         E        F      G
               +---------+---------+-------+---------+---------+-------+---------
         Total |       0 |     125 |   0.0 |       0 |      34 |   0.0 |  2649
               +---------+---------+-------+---------+---------+-------+---------
           D:1 |       0 |      15 |   0.0 |       0 |       9 |   0.0 |  1061
           D:2 |       0 |      63 |   0.0 |       0 |      18 |   0.0 |  1210
           D:3 |       0 |      47 |   0.0 |       0 |       7 |   0.0 |   378
               +---------+---------+-------+---------+---------+-------+---------
